 Seeded DCSS version 0.29.1 (webtiles) character file.

Game seed: 3121381558354691732 (custom seed)

32 GigaChad the Shield-Bearer (level 3, -1/33 HPs)
             Began as a Minotaur Fighter on Sept 14, 2022.
             Was an Initiate of Trog.
             Slain by a thrashing horror (10 damage)
             ... created by the touch of Lugonu
             ... on level 3 of the Dungeon.
             The game lasted 00:06:26 (1068 turns).

GigaChad the Shield-Bearer (Minotaur Fighter)       Turns: 1068, Time: 00:06:26

Health: -1/33      AC:  7    Str: 28    XL:     3   Next: 8%
Magic:  2/2        EV:  9    Int:  5    God:    Trog [......]
Gold:   2385       SH:  4    Dex:  9    Spells: 2/2 levels left

rFire   . . .      SeeInvis .   a - +1 long sword
rCold   . . .      Faith    .   c - +0 buckler
rNeg    . . .      Spirit   .   b - +0 scale mail
rPois   .          Reflect  .   (helmet restricted)
rElec   .          Harm     .   (no cloak)
rCorr   .          Rampage  .   (no gloves)
Will    .....                   (no boots)
Stlth   ..........              (no amulet)
HPRegen 0.11/turn               k - +6 ring of strength
MPRegen 0.08/turn               (no ring)

@: no status effects
A: horns 2, retaliatory headbutt
a: Renounce Religion


You were on level 3 of the Dungeon.
You worshipped Trog.
Trog was noncommittal.
You visited 1 branch of the dungeon, and saw 3 of its levels.

You collected 2385 gold pieces.

Inventory:

Hand Weapons
 a - a +1 long sword (weapon)
Missiles
 l - 2 throwing nets (quivered)
Armour
 b - a +0 scale mail (worn)
 c - a +0 buckler (worn)
Magical Staves
 i - a staff of cold
Jewellery
 k - a +6 ring of strength (left hand)
 n - a ring of see invisible
Scrolls
 f - 2 scrolls of amnesia
 g - a scroll of magic mapping
 h - a scroll of identify
 j - a scroll of enchant weapon
 m - a scroll of poison {unknown}
 p - a scroll of teleportation {unknown}
Potions
 d - a potion of might
 e - a potion of magic {unknown}
 o - a potion of invisibility {unknown}


   Skills:
 + Level 4.1 Fighting
 + Level 2.8 Long Blades
 + Level 4.0 Armour
 + Level 4.2 Shields


You had 2 spell levels left.
You didn't know any spells.
Your spell library contained the following spells:

 Spells                   Type           Power      Damage    Failure   Level
 Sting                    Tmut/Pois      0%         1d3       83%         1


Dungeon Overview and Level Annotations

Branches:
Dungeon (3/15)

Altars:
Trog
Lugonu


Innate Abilities, Weirdness & Mutations

You have a pair of horns on your head.
You reflexively headbutt those who attack you in melee.


Message History

You start waiting.
Lugonu sends minions to punish you.
A thrashing horror comes into view.
The thrashing horror roars!
The thrashing horror completely misses you.
You furiously retaliate!
You headbutt the thrashing horror! The thrashing horror tramples you.
You stumble backwards!
The thrashing horror closely misses you.
You block the thrashing horror's attack.
The thrashing horror attacks as you move away!
The thrashing horror tramples you!
The thrashing horror closely misses you.
The thrashing horror tramples you but does no damage.
The thrashing horror barely misses you.
The thrashing horror roars!
The thrashing horror tramples you.
You hold your ground!
The thrashing horror tramples you but does no damage.
The thrashing horror roars!
The thrashing horror tramples you.
You stumble backwards!
The thrashing horror tramples you.
You stumble backwards!
You see here a grey potion.
The thrashing horror roars!
The thrashing horror tramples you!
You hold your ground!
The thrashing horror tramples you but does no damage.
The thrashing horror tramples you but does no damage. x2
The thrashing horror roars!
The thrashing horror tramples you but does no damage.
The thrashing horror barely misses you.
Found a bubbling clear potion.
You block the thrashing horror's attack.
The thrashing horror tramples you.
* * * LOW HITPOINT WARNING * * *
You stumble backwards!
The thrashing horror roars!
The thrashing horror completely misses you.
You furiously retaliate!
You headbutt the thrashing horror!
You block the thrashing horror's attack.
The thrashing horror roars!
The thrashing horror tramples you!
You die...

.!. #.#####....#
#.##..........#
#.........#######
##.....#### .!
##.....# ##.#
#>....## #..
..#.....## #.#
#.....#..######.#
##.......!.##.X@#
....#####......##
.... #...##...#
... ##..####.# ..
....# ... ..##.#
##.. ### #.. ..
#### .


You could see a thrashing horror.

Vanquished Creatures
  A worm (D:3)
  3 bats (D:1)
  4 endoplasms
  A giant cockroach (D:3)
  6 goblins
  2 hobgoblins
  2 jackals (D:1)
  2 ball pythons
  A frilled lizard (D:1)
  4 rats
26 creatures vanquished.

Notes
Turn   | Place    | Note
-------+----------+-------------------------------------------
     0 | D:1      | GigaChad the Minotaur Fighter began the quest for the Orb.
     0 | D:1      | Reached XP level 1. HP: 19/19 MP: 0/0
    92 | D:1      | Reached XP level 2. HP: 27/27 MP: 1/1
   463 | D:1      | Found a faded altar of an unknown god.
   482 | D:1      | Got Plato's Secrets of Vitiation
   641 | D:1      | Identified 3 scrolls of acquirement
   641 | D:1      | Acquired 1178 gold pieces
   643 | D:1      | Acquired 334 gold pieces
   645 | D:1      | Acquired 759 gold pieces
   662 | D:1      | Prayed at the altar of an unknown god.
   662 | D:1      | Became a worshipper of Lugonu the Unformed
   662 | D:1      | Reached * piety under Lugonu
   662 | D:1      | Reached ** piety under Lugonu
   761 | D:2      | Found a bloodstained altar of Trog.
   844 | D:2      | Fell from the grace of Lugonu
   844 | D:2      | Became a worshipper of Trog the Wrathful
   926 | D:3      | Reached XP level 3. HP: 23/33 MP: 2/2
  1056 | D:3      | Noticed a thrashing horror
  1068 | D:3      | Slain by a thrashing horror

Illustrated notes

Levels and vault maps discovered:
D:1:      minmay_arrival_glassed_features, layout_loops_ring,
          shapermc_ecumenical_altar_rom_forum, nicolae_kite_square_tiling_tiny
D:2:      layout_basic, basic_altar
D:3:      layout_rooms, serial_shops, nicolae_shop_hallway_stairs

Skill      XL: |  1  2 |
---------------+-------+-----
Fighting       | 4 |  4.1
Shields        | 4 |  4.2
Armour         | 4 |  4.0
Long Blades    | |  2.8

Action                   || total
-------------------------++-------
Melee: Long sword        ||    46
       Headbutt          ||    10
  Use: Scroll            ||     6
Armor: Scale mail        ||    45
Dodge: Dodged            ||    40
Block: Buckler           ||    20
